 Dungeon Crawl Stone Soup version 0.24.0-13-gcf9b319 (webtiles) character file.

Game seed: 16585075823301178316, levelgen mode: deterministic

3985 unktheunk the Cleaver (level 10, -21/61 HPs)
             Began as a Demonspawn Chaos Knight on Mar 19, 2020.
             Was a Plaything of Xom.
             Demolished by a +0 scimitar of chaos (22 damage)
             ... on level 8 of the Dungeon.
             The game lasted 01:00:30 (6358 turns).

unktheunk the Cleaver (Demonspawn Chaos Knight)     Turns: 6358, Time: 01:00:30

Health: -21/61     AC: 13    Str: 15    XL:     10   Next: 3%
Magic:  10/10      EV: 13    Int: 14    God:    Xom [......]
Gold:   455        SH:  0    Dex: 19    Spells: 8/9 levels left

rFire    + . .     SeeInvis .   Q - +1 morningstar of Hubris {elec, rC+ Str+3}
rCold    + . .     Gourm    +   (no shield)
rNeg     . . .     Faith    .   S - +0 ring mail {rF+}
rPois    .         Spirit   .   (helmet restricted)
rElec    .         Reflect  .   (no cloak)
rCorr    .         Harm     .   s - +2 pair of gloves
MR       .....                  (no boots)
Stlth    +++.......             e - amulet of the gourmand
HPRegen  0.20/turn              O - ring of stealth
MPRegen  0.12/turn              v - +5 ring of dexterity

@: very slightly contaminated, slowed, invisible, very slow
A: antennae 1, talons 1, iridescent scales 2, frail 2, powered by pain 2, weak
1, rot immunity
a: Renounce Religion


You were on level 8 of the Dungeon.
You worshipped Xom.
You were a very special plaything of Xom.
You were completely stuffed.

You visited 2 branches of the dungeon, and saw 9 of its levels.

You collected 455 gold pieces.

Inventory:

Hand Weapons
 a - a +0 hand axe of chaos
 k - a +4 dagger of electrocution
 x - the +3 broad axe "Naywky" {chaos, Str+8 Int+5 Dex-5}
   (Xom gifted it to you on level 2 of the Dungeon)

   Each time it hits an enemy it has a different, random effect.
   It affects your strength (+8).
   It affects your intelligence (+5).
   It affects your dexterity (-5).
 Q - the +1 morningstar of Hubris (weapon) {elec, rC+ Str+3}
   (You found it on level 5 of the Dungeon)

   Occasionally, upon striking a foe, it will discharge some electrical energy
   and cause terrible harm.
   It affects your strength (+3).
   It protects you from cold.
 W - a +0 spear
Missiles
 j - 70 sling bullets
 r - 35 poisoned darts (quivered)
 u - 18 stones
Armour
 b - a +2 leather armour
 m - a +0 chain mail
 s - a +2 pair of gloves (worn)
 S - a +0 ring mail of fire resistance (worn)
 V - +0 ice dragon scales
 X - a +0 scale mail
Jewellery
 e - an amulet of the gourmand (around neck)
 t - an uncursed ring of fire
 v - a +5 ring of dexterity (right hand)
 D - an uncursed ring of magical power
 F - an uncursed amulet of faith
 I - an uncursed ring of protection from fire
 O - a ring of stealth (left hand)
 Z - an uncursed ring of poison resistance
Wands
 H - a wand of paralysis (5)
 R - a wand of digging (6)
 Y - a wand of flame (12)
Scrolls
 f - a scroll of fog {unknown}
 h - 2 scrolls of magic mapping {unknown}
 i - 5 scrolls of identify
 l - 6 scrolls of teleportation
 q - 11 scrolls of remove curse
 y - 2 scrolls of enchant weapon {unknown}
 A - a scroll of immolation {unknown}
 B - a scroll of fear
 G - a scroll of enchant armour {unknown}
 K - a scroll of amnesia {unknown}
 M - a scroll of summoning {unknown}
 U - a scroll of blinking {unknown}
Potions
 d - a potion of invisibility {unknown}
 g - 2 potions of mutation {unknown}
 n - a potion of cancellation {unknown}
 o - 4 potions of curing {unknown}
 w - 3 potions of flight {unknown}
 z - 3 potions of berserk rage {unknown}
 C - 2 potions of magic {unknown}
 E - 2 potions of agility
 J - a potion of heal wounds {unknown}
 N - a potion of haste {unknown}
 P - a potion of ambrosia {unknown}
Comestibles
 c - 12 rations
 L - 5 chunks of flesh


   Skills:
 + Level 6.6 Fighting
 + Level 1.2 Short Blades
 + Level 8.6(9.4) Axes
 + Level 6.0(8.2) Maces & Flails
 + Level 1.0 Throwing
 + Level 4.6 Armour
 + Level 3.6 Dodging
 + Level 1.8 Stealth


You had 8 spell levels left.
You knew the following spells:

 Your Spells              Type           Power        Failure   Level  Hunger
a - Confusing Touch       Hex            #.....       47%         1    ##.....

Your spell library contained the following spells:

 Spells                   Type           Power        Failure   Level  Hunger
 Confuse                  Hex            #.......     85%         3    ####...
 Gell's Gravitas          Tloc           #.........   85%         3    ####...
 Petrify                  Tmut/Erth      #.......     99%         4    #####..
 Metabolic Englaciation   Hex/Ice        #.........   100%        5    ######.
 Yara's Violent Unravell  Hex/Tmut       #.........   100%        5    ######.


Dungeon Overview and Level Annotations

Branches:
Dungeon (8/15)             Temple (1/1) D:5
   Lair: D:8-11

Altars:
Ashenzari
Dithmenos
Elyvilon
Fedhas
Makhleb
Nemelex Xobeh
Okawaru
Qazlal
Uskayaw
Vehumet
Xom
Yredelemnul

Shops:
D:6 :

Annotations:
D:2 Natasha
D:8 Vinniefish's ghost, novice KoWz


Innate Abilities, Weirdness & Mutations

You have sharp toenails.
You are mostly covered in iridescent scales. (AC +4)
You sometimes gain power by taking damage.
You are immune to rotting.
You have a pair of small antennae on your head.
You are very frail. (-20% HP)
You are weak. (Str -2)


Message History

Your kick misses the +0 scimitar of chaos.
The +0 scimitar of chaos closely misses you.
The +0 scimitar of chaos hits you!
You feel yourself slow down. Xom alters the dungeon around you.
The shimmering altar of Xom slides away from you!
The stone staircase leading down slides away from you! x2
The +0 scimitar of chaos hits you.
You fade into invisibility!
You are very lightly contaminated with residual magic.
Xom is highly amused!
Vinniefish's ghost casts a spell.
The +0 scimitar of chaos hits you!!
* * * LOW HITPOINT WARNING * * *
Xom thinks this is hilarious!
You focus on the pain.
You feel your power returning. The +0 scimitar of chaos hits you.
* * * LOW HITPOINT WARNING * * *
The +0 scimitar of chaos hits you!!
You die...
Xom snickers!

.. ... . #>....>.. #.
##...../.. #.#
#.#####........ #.#
...#........#
##.#######.$........#
....................#
........##.(.##.....#
(..........#..#.@...#
........#.###..##(##.....
..........# ##)#W5$# ##.
........### #.##_##
........# ...###
.......## ..#.# ......##
#.# .# .###### #. .# ##
.. .#


You could see a +0 scimitar of chaos, Vinniefish's ghost and a shadow imp.

Vanquished Creatures
  A two-headed ogre (D:5)
  Eustachio (D:6)
  A black bear (D:6)
  2 ice beasts
  An orc warrior (D:6)
  3 sky beasts
  An eye of draining (D:8)
  A necrophage (D:6)
  5 ogres
  A phantom (D:7)
  2 centaurs
  3 bullfrogs
  2 scorpions
  3 wights (D:6)
  5 crimson imps
  A jelly (D:6)
  A centaur skeleton (D:5)
  2 hounds
  3 bullfrog skeletons
  An orc priest (D:7)
  5 orc wizards
  Jessica (D:3)
  Natasha (twice) (D:2)
  5 iguanas
  10 worker ants
  2 killer bee zombies
  2 hound skeletons (D:5)
  A worker ant zombie (D:6)
  10 gnolls
  7 adders
  2 shadow imps
  An ooze (D:1)
  An adder skeleton (D:4)
  2 worms
  A dart slug (D:3)
  3 leopard geckos
  20 orcs
  3 giant cockroaches
  8 goblins
  8 hobgoblins
  16 jackals
  6 quokkas
  5 bats
  6 frilled lizards
  12 kobolds
  6 rats
  2 withered plants (D:2)
187 creatures vanquished.

Vanquished Creatures (collateral kills)
  An adder (D:5)
1 creature vanquished.

Vanquished Creatures (others)
  An orc (D:6)
1 creature vanquished.

Grand Total: 189 creatures vanquished

Notes
Turn   | Place    | Note
-------+----------+-------------------------------------------
     0 | D:1      | unktheunk the Demonspawn Chaos Knight began the quest for
                  | the Orb.
     0 | D:1      | Reached XP level 1. HP: 18/18 MP: 1/1
   113 | D:1      | XOM: silly message
   115 | D:1      | XOM: divination: magic mapping
   163 | D:1      | Reached skill level 3 in Axes
   172 | D:1      | Gained mutation: You sometimes gain a little power by
                  | taking damage. [demonic ancestry]
   172 | D:1      | Reached XP level 2. HP: 23/24 MP: 2/2
   327 | D:1      | XOM: god gift: ring mail {god gift}
  1008 | D:2      | Reached skill level 1 in Dodging
  1088 | D:2      | Reached XP level 3. HP: 29/29 MP: 3/3
  1185 | D:2      | Found a basalt altar of Yredelemnul.
  1201 | D:2      | XOM: scenery: create altars
  1557 | D:2      | Noticed Natasha
  1569 | D:2      | Killed Natasha
  1860 | D:2      | Noticed Natasha
  1872 | D:2      | Killed Natasha
  1872 | D:2      | Reached XP level 4. HP: 25/37 MP: 4/4
  1924 | D:2      | XOM: god gift: shimmering broad axe {god gift}
  1927 | D:2      | Got a shimmering broad axe {god gift}
  1928 | D:2      | Identified the +3 broad axe "Naywky" {chaos, Str+8 Int+5
                  | Dex-5} (Xom gifted it to you on level 2 of the Dungeon)
  2073 | D:2      | Noticed Natasha
  2081 | D:3      | Reached skill level 1 in Short Blades
  2375 | D:3      | Gained mutation: You are immune to rotting. [demonic
                  | ancestry]
  2375 | D:3      | Reached XP level 5. HP: 42/42 MP: 5/5
  2399 | D:3      | Found a faded altar of an unknown god.
  2584 | D:3      | XOM: 3-stop teleportation journey
  2800 | D:3      | Noticed Jessica
  2810 | D:3      | Killed Jessica
  2810 | D:3      | Reached skill level 4 in Axes
  3028 | D:4      | XOM: confuse monster(s)
  3052 | D:4      | Found an iron altar of Okawaru.
  3222 | D:4      | Gained mutation: You are partially covered in iridescent
                  | scales. (AC +2) [demonic ancestry]
  3222 | D:4      | Reached XP level 6. HP: 40/48 MP: 6/6
  3317 | D:4      | XOM: divination: detect creatures
  3355 | D:5      | Entered Level 5 of the Dungeon
  3372 | D:5      | XOM: divination: detect items
  3412 | D:5      | Noticed a sky beast
  3414 | D:5      | XOM: enchant monster (good)
  3421 | D:5      | XOM: blink monster(s)
  3434 | D:4      | XOM: summons 2 hostile demons
  3435 | D:4      | Noticed a ynoxinul
  3608 | D:5      | XOM: summons friendly white imp
  3615 | D:5      | Reached skill level 5 in Axes
  3629 | D:5      | Killed a sky beast
  3703 | D:5      | Gained mutation: You are mostly covered in iridescent
                  | scales. (AC +4) [demonic ancestry]
  3703 | D:5      | Reached XP level 7. HP: 55/55 MP: 7/7
  3743 | D:5      | XOM: 1-stop teleportation journey
  3789 | D:5      | XOM: enchant monster (bad)
  3824 | D:5      | XOM: blink monster(s)
  3947 | D:5      | Found a staircase to the Ecumenical Temple.
  3958 | Temple   | Entered the Ecumenical Temple
  4226 | D:5      | Reached skill level 6 in Axes
  4277 | D:5      | Reached skill level 5 in Fighting
  4304 | D:5      | Reached XP level 8. HP: 39/62 MP: 8/8
  4310 | D:5      | XOM: enchant monster (bad)
  4332 | D:5      | Noticed a two-headed ogre
  4345 | D:5      | XOM: noise
  4351 | D:5      | Killed a two-headed ogre
  4351 | D:5      | Reached skill level 8 in Axes
  4351 | D:5      | Reached skill level 1 in Throwing
  4351 | D:5      | Reached skill level 1 in Stealth
  4370 | D:5      | Got a transparent morningstar
  4371 | D:5      | Identified the +1 morningstar of Hubris {elec, rC+ Str+3}
                  | (You found it on level 5 of the Dungeon)
  4545 | D:5      | XOM: mild Pois miscast
  4691 | D:6      | Found Bogidgh's Book Boutique.
  4721 | D:6      | Reached skill level 1 in Maces & Flails
  4721 | D:6      | Gained mutation: You have sharp toenails. [demonic
                  | ancestry]
  4721 | D:6      | Reached XP level 9. HP: 63/69 MP: 9/9
  4731 | D:6      | XOM: cleaving
  4820 | D:6      | XOM: divination: detect items
  4825 | D:6      | XOM: scenery: create altars
  4826 | D:6      | XOM: divine lightning
  4831 | D:6      | XOM: enchant monster (bad)
  5272 | D:6      | XOM: 1-stop teleportation journey
  5276 | D:6      | XOM: cast spell 'Necromutation'
  5280 | D:6      | Noticed Eustachio
  5282 | D:6      | XOM: 2-stop teleportation journey
  5312 | D:6      | XOM: enchant monster (bad)
  5536 | D:6      | XOM: summons 2 friendly demons
  5538 | D:6      | Killed Eustachio
  5574 | D:6      | XOM: summons friendly shadow imp
  5711 | D:7      | Reached skill level 5 in Maces & Flails
  5780 | D:7      | Learned a level 1 spell: Confusing Touch
  5816 | D:7      | XOM: give mutations
  5816 | D:7      | Gained mutation: You are frail. (-10% HP) [Xom's mischief]
  5816 | D:7      | Gained mutation: You are very frail. (-20% HP) [Xom's
                  | mischief]
  5816 | D:7      | Gained mutation: You are weak. (Str -2) [Xom's mischief]
  5816 | D:7      | Gained mutation: You have a pair of small antennae on your
                  | head. [Xom's mischief]
  6139 | D:7      | XOM: 4-stop teleportation journey
  6165 | D:7      | XOM: harmless Pois miscast
  6332 | D:8      | Gained mutation: You sometimes gain power by taking damage.
                  | [demonic ancestry]
  6332 | D:8      | Reached XP level 10. HP: 61/61 MP: 1/10
  6351 | D:8      | Found a runed translucent door.
  6351 | D:8      | Found a shimmering altar of Xom.
  6351 | D:8      | Noticed Vinniefish's ghost (novice KoWz)
  6351 | D:8      | Noticed a +0 scimitar of chaos
  6357 | D:8      | XOM: repel stairs
  6358 | D:8      | HP: 1/61 [+0 scimitar of chaos (4)]
  6358 | D:8      | Demolished by a +0 scimitar of chaos

Levels and vault maps discovered:
D:1:      co_arrival_random_square_maze, layout_rooms
D:2:      layout_basic, yredelemnul_altar_generic, uniq_natasha
D:3:      minmay_angry_zag, layout_loops_ring, chequers_ecumenical_altar_island,
          minmay_circle_x, uniq_jessica
D:4:      layout_rooms, okawaru_gym_becter
D:5:      kennysheep_windowed_halls, layout_cave_pools,
          minmay_temple_entry_glassed_door, first_ration,
          chequers_serial_rivers_micro_e, kennysheep_decorative_pillar
D:6:      layout_rooms, serial_shops, shop_fountains, uniq_eustachio
D:7:      layout_gridville
D:8:      layout_rooms, ebering_ghost_xom, uniq_maurice
Temple:   grunt_wide_crystal_templ

Skill      XL: |  1  2  3  4  5  6  7  8  9 |
---------------+----------------------------+-----
Axes           | 3 4 5 6 8 |  8.6
Dodging        | 1 2 3 |  3.6
Armour         | 2 3 4 |  4.6
Short Blades   | 1 |  1.2
Fighting       | 4 5 6 |  6.6
Throwing       | 1 |  1.0
Stealth        | 1 |  1.8
Maces & Flails | 1 6 |  6.0

Action                   |  1- 3 |  4- 6 |  7- 9 | 10-12 || total
-------------------------+-------+-------+-------+-------++-------
Melee: Hand axe          |    24 |       |       |       ||    24
       Dagger            |    71 |       |       |       ||    71
       Broad axe         |       |   189 |    65 |       ||   254
       Morningstar       |       |       |   242 |     5 ||   247
       Kick              |       |       |    63 |     1 ||    64
Throw: Stone             |     6 |     8 |    10 |       ||    24
  Use: Scroll            |     3 |     1 |     2 |       ||     6
       Potion            |     1 |     1 |     1 |       ||     3
 Stab: Sleeping          |     1 |       |     4 |       ||     5
       Paralysed         |       |     1 |       |       ||     1
       Petrifying        |       |     1 |       |       ||     1
  Eat: Chunk             |     7 |    13 |    11 |       ||    31
Armor: Leather armour    |     9 |       |    92 |       ||   101
       Chain mail        |    23 |   156 |    11 |       ||   190
       Ring mail         |       |       |    41 |     2 ||    43
       Ice dragon scales |       |       |    12 |       ||    12
Dodge: Dodged            |    21 |   108 |   240 |     4 ||   373
